 Dungeon Crawl Stone Soup version 0.18.1-50-g88ac8fd (webtiles) character file.

9 ololoev the Digger (level 2, 5/15 HPs)
             Began as a Deep Elf Earth Elementalist on Nov 29, 2016.
             Quit the game on level 2 of the Dungeon.
             The game lasted 00:03:33 (253 turns).

ololoev the Digger (Deep Elf Earth Elementalist)     Turns: 253, Time: 00:03:34

Health: 5/15       AC:  4    Str:  5    XL:     2   Next: 6%
Magic:  1/8        EV: 13    Int: 19    God:
Gold:   122        SH:  0    Dex: 15    Spells: 1 memorised, 6 levels left

rFire  . . .     SeeInvis .     (no weapon)
rCold  . . .     Gourm    .     a - +0 robe
rNeg   . . .     Faith    .     (no shield)
rPois  .         Spirit   .     (no helmet)
rElec  .         Dismiss  .     (no cloak)
rCorr  .         Reflect  .     (no gloves)
SustAt .         Harm     .     g - +1 pair of boots
MR     .....                    (no amulet)
Stlth  ++........               (no ring)
                                (no ring)

@: very slightly contaminated, not resistant to hostile enchantments, unstealthy
A: no striking features
a: no special abilities

Inventory:

Armour
 a - a +0 robe (worn)
 g - a +1 pair of boots (worn)
Potions
 h - 2 potions of curing
Books
 c - a book of Geomancy

   Spells                             Type                      Level
   a - Sandblast                      Earth                        1
   b - Passwall                       Transmutation/Earth          2
   c - Stone Arrow                    Conjuration/Earth            3
   d - Petrify                        Transmutation/Earth          4
   e - Lee's Rapid Deconstruction     Earth                        5
Comestibles
 d - a bread ration


   Skills:
 - Level 2.4 Dodging
 - Level 2.4 Stealth
 + Level 3.4 Spellcasting
   Level 1.1 Transmutations
 + Level 3.7 Earth Magic


You had 6 spell levels left.
You knew the following spells:

 Your Spells              Type           Power        Failure   Level  Hunger
a - Sandblast             Erth           ###...       3%          1    None


You were on level 2 of the Dungeon.
You were not hungry.

You visited 1 branch of the dungeon, and saw 2 of its levels.

You collected 122 gold pieces.

.....#.# #.# #+#
#.[#.####.# #.#
#.........#
#.###..#..###.#
._###.....# #.#
#.###..#..###.# #.#
#....#....########
#.###'###..#.##.#)........
#.........##@g....########
#######..#.######.###
..................#
########.#.######## #.#.#
#.#.# #.#.# ####.#.#
#....#.##

Notes
Turn   | Place    | Note
--------------------------------------------------------------
     0 | D:1      | ololoev the Deep Elf Earth Elementalist began the quest for the Orb.
     0 | D:1      | Reached XP level 1. HP: 10/10 MP: 6/6
    14 | D:1      | Iwannabefree: omegacute словински?
    16 | D:1      | ololoev: hz
    16 | D:1      | ololoev: vozmojno
    27 | D:1      | ololoev: a eshe ne proveryal
    79 | D:1      | Reached XP level 2. HP: 13/15 MP: 1/8
   182 | D:2      | Found a stormy altar of Qazlal.
   190 | D:2      | Noticed Ijyb
   196 | D:2      | Iwannabefree: трогитами играет
   198 | D:2      | Iwannabefree: нуфаг наверна
   199 | D:2      | ololoev: отстой Ж(
   212 | D:2      | Iwannabefree: тебе игра дает хаст на д2
   214 | D:2      | ololoev: ага
   214 | D:2      | Iwannabefree: пользуйся"
   214 | D:2      | ololoev: только я его пробить не могу
   214 | D:2      | Iwannabefree: радуйся!
   214 | D:2      | ololoev: лол
   253 | D:2      | Quit the game

Dungeon Overview and Level Annotations

Branches:
Dungeon (2/15)

Altars:
Qazlal

Annotations:
D:2 Ijyb


Message History

Ijyb barely misses you. Ijyb closely misses you.
Ijyb hits you but does no damage.
Things that are here:
a throwing net; 2 javelins
j - 2 javelins;
i - a throwing net Ijyb hits you but does no damage.
Ijyb closely misses you.
Fire/throw which item? (* to show all) (? for menu, Esc to quit)
Press: ? - help, Shift-Dir - straight line, f/p - Ijyb
Aim: Ijyb, wielding a club, wearing a runed chain mail and carrying a wand of hasting {zapped: 1} (lightly wounded, fast)
You throw a throwing net. The throwing net barely misses Ijyb.
Ijyb hits you but does no damage.
Ijyb is no longer moving quickly.
Ijyb zaps a wand.
Ijyb seems to speed up.
Ijyb barely misses you. Ijyb misses you. Ijyb misses you.
Ijyb hits you with a club.
You see here a throwing net.
i - a throwing net Ijyb barely misses you.
Fire/throw which item? (* to show all) (? for menu, Esc to quit)
Press: ? - help, Shift-Dir - straight line, f/p - Ijyb
Aim: Ijyb, wielding a club, wearing a runed chain mail and carrying a wand of hasting {zapped: 2} (lightly wounded, fast)
You throw a throwing net. The throwing net barely misses Ijyb.
Ijyb closely misses you. Ijyb misses you. Ijyb hits you but does no damage.
You see here a spear.
Ijyb hits you but does no damage. Ijyb hits you but does no damage.
You see here a throwing net.
i - a throwing net Ijyb hits you but does no damage. x2
Fire/throw which item? (* to show all) (? for menu, Esc to quit)
Press: ? - help, Shift-Dir - straight line, f/p - Ijyb
Aim: Ijyb, wielding a club, wearing a runed chain mail and carrying a wand of hasting {zapped: 2} (lightly wounded, fast)
You throw a throwing net. The throwing net hits Ijyb.
Ijyb is caught in the net!
Ijyb is lightly wounded.
Ijyb screams, "It's all mine!"
Ijyb struggles against the net.
Fire/throw which item? (* to show all) (? for menu, Esc to quit)
Press: ? - help, Shift-Dir - straight line, f/p - Ijyb
Aim: Ijyb, wielding a club, wearing a runed chain mail and carrying a wand of hasting {zapped: 2} (lightly wounded, fast, entangled in a net)
You throw a javelin. The javelin hits Ijyb.
Ijyb is moderately wounded.
Ijyb struggles to escape the net. x2
Fire/throw which item? (* to show all) (? for menu, Esc to quit)
Press: ? - help, Shift-Dir - straight line, f/p - Ijyb
Aim: Ijyb, wielding a club, wearing a runed chain mail and carrying a wand of hasting {zapped: 2} (moderately wounded, fast, entangled in a net)
You throw a javelin.
The javelin hits Ijyb but does no damage.
Ijyb is moderately wounded.
Ijyb struggles against the net.
Ijyb struggles to escape the net.
Ijyb struggles against the net.
Casting: Sandblast
Confirm with . or Enter, or press ? or * to list all spells.
Aiming: Sandblast
Press: ? - help, Shift-Dir - straight line, f/p - Ijyb
Aim: Ijyb, wielding a club, wearing a runed chain mail and carrying a wand of hasting {zapped: 2} (moderately wounded, fast, entangled in a net)
You miscast Sandblast.
You are very lightly contaminated with residual magic.
Nothing appears to happen.
Ijyb struggles to escape the net.
Ijyb breaks free.
Casting: Sandblast
Confirm with . or Enter, or press ? or * to list all spells.
Aiming: Sandblast
Press: ? - help, Shift-Dir - straight line, f/p - Ijyb
Aim: Ijyb, wielding a club, wearing a runed chain mail and carrying a wand of hasting {zapped: 2} (moderately wounded, fast)
The rocky blast hits Ijyb.
Ijyb is moderately wounded.
Ijyb completely misses you. Ijyb misses you.
Casting: Sandblast
Confirm with . or Enter, or press ? or * to list all spells.
Aiming: Sandblast
Press: ? - help, Shift-Dir - straight line, f/p - Ijyb
Aim: Ijyb, wielding a club, wearing a runed chain mail and carrying a wand of hasting {zapped: 2} (moderately wounded, fast)
The rocky blast hits Ijyb.
Ijyb is moderately wounded.
You are now empty-handed.
Ijyb hits you with a club.
No previous command to re-do.
Are you sure you want to abandon this character and quit the game? (Confirm with "yes".)

You could see Ijyb.

Vanquished Creatures
  A dart slug (D:1)
  4 kobolds
  2 bats (D:1)
  2 giant newts (D:1)
  A rat (D:2)
  A fungus (D:2)
11 creatures vanquished.

Action                   || total
-------------------------++-------
Throw: Javelin           ||     4
       Throwing net      ||     4
 Cast: Sandblast         ||    28
  Use: Scroll            ||     2
       Potion            ||     1
Armor: Robe              ||    10
Dodge: Dodged            ||    25

Vault maps used:
D:1:      lightli_arrival_quake
D:2:      lemuel_doored_altar, overflow_temple_1_default,
          minmay_gold_behind_fungi, uniq_iyjb
